 Dungeon Crawl Stone Soup version 0.17.2-1-ge4368a0 (webtiles) character file.

105 Goblin1989 the Cudgeler (level 4, 0/35 HPs)
             Began as a Demonspawn Abyssal Knight on Aug 5, 2016.
             Was a Follower of Lugonu.
             Succumbed to a scorpion's poison
             ... on level 4 of the Dungeon.
             The game lasted 00:04:55 (1618 turns).

Goblin1989 the Cudgeler (Demonspawn Abyssal Knight) Turns: 1618, Time: 00:04:55

Health: 0/35       AC:  9    Str: 13    XL:     4   Next: 54%
Magic:  5/5        EV:  8    Int: 13    God:    Lugonu [*.....]
Gold:   93         SH:  3    Dex: 13    Spells: 0 memorised, 3 levels left

rFire  . . .     SeeInvis .     a - +1 mace
rCold  . . .     Clarity  .     g - +0 scale mail
rNeg   . . .     SustAt   .     q - +0 buckler
rPois  .         Gourm    .     o - +0 helmet
rElec  .         Spirit   .     (no cloak)
rCorr  .         Warding  .     (no gloves)
rMut   .         Stasis   .     j - +0 pair of boots
MR     .....                    (no amulet)
Stlth  ..........               (no ring)
                                (no ring)

@: lethally poisoned (0 -> -10), not resistant to hostile enchantments,
extremely unstealthy
A: talons 1, molten scales 1
a: Depart the Abyss, Renounce Religion


You were on level 4 of the Dungeon.
You worshipped Lugonu.
Lugonu was aware of your devotion.
You were not hungry.

You visited 1 branch of the dungeon, and saw 4 of its levels.
You visited the Abyss 1 time.

You collected 93 gold pieces.

Inventory:

Hand Weapons
 a - a +1 mace (weapon)
Armour
 g - a +0 scale mail (worn)
 j - a +0 pair of boots (worn)
 o - a +0 helmet (worn)
 q - a +0 buckler (worn)
Scrolls
 b - a scroll of noise {unknown}
 f - a scroll of amnesia {unknown}
 l - a scroll of immolation {unknown}
 m - a scroll of recharging {unknown}
Potions
 d - a potion of haste {unknown}
 e - a potion of curing {unknown}
 h - 2 potions of might {unknown}
 n - 2 potions of cancellation
Comestibles
 c - a bread ration
 i - a meat ration
 k - a slice of pizza
 p - a beef jerky
 r - a chunk of flesh


   Skills:
 - Level 3.0 Fighting
 + Level 4.4 Maces & Flails
 - Level 1.7 Armour
 - Level 0.8 Dodging
 - Level 2.4 Invocations


You had 3 spell levels left.
You didn't know any spells.

Dungeon Overview and Level Annotations

Branches:
Dungeon (4/15)
 Temple: D:4-7

Altars:
Ashenzari

Annotations:
D:3 Goblin1989's ghost, amateur DsAK
D:4 Dowan; Duvessa


Innate Abilities, Weirdness & Mutations

You have sharp toenails.
You are partially covered in molten scales (AC +1).


Message History

The scorpion is severely wounded.
The scorpion stings you!
* * * LOW HITPOINT WARNING * * *
You are lethally poisoned!
The scorpion poisons you!
You take 7 damage, and have 7/35 hp.
You barely miss the scorpion.
The scorpion is severely wounded.
* * * LOW HITPOINT WARNING * * *
You feel sick. The scorpion completely misses you. The scorpion stings you.
* * * LOW HITPOINT WARNING * * *
You take 5 damage, and have 2/35 hp.
You hit the scorpion.
The scorpion is severely wounded.
* * * LOW HITPOINT WARNING * * *
You feel sick. The scorpion barely misses you.
You take 1 damage, and have 1/35 hp.
Drink which item? (? for menu, Esc to quit)
It was a potion of cancellation.
You feel magically purged.
You die...

#..h###.†#
#..###
##)##
#..## ##.#
...# #.##
...# ##.#
... #.##
.. ##.#
#.## #
##@###.#
#s#...#
##....#
#....#
.......#
......###
#......#
.......#
##......#


You could see a scorpion.

Vanquished Creatures
  2 orc wizards (D:4)
  A giant gecko (D:1)
  4 orcs (D:4)
  5 bats
  4 goblins (D:1)
  2 hobgoblins
  3 jackals (D:4)
  2 quokkas
  3 giant cockroaches
  A giant newt (D:1)
  2 kobolds (D:1)
  5 rats
34 creatures vanquished.

Vanquished Creatures (others)
  2 orc wizards (D:4)
2 creatures vanquished.

Grand Total: 36 creatures vanquished

Notes
Turn   | Place    | Note
--------------------------------------------------------------
     0 | Abyss:1  | Goblin1989 the Demonspawn Abyssal Knight began the quest for the Orb.
     0 | Abyss:1  | Reached XP level 1. HP: 18/18 MP: 2/2
    64 | Abyss:1  | Noticed a tentacled starspawn
    65 | D:1      | Escaped the Abyss
   206 | D:1      | Found a shattered altar of Ashenzari.
   213 | D:1      | Reached * piety under Lugonu
   288 | D:1      | Gained mutation: You have sharp toenails. [demonic ancestry]
   288 | D:1      | Reached XP level 2. HP: 24/24 MP: 3/3
  1362 | D:3      | Noticed Goblin1989's ghost (amateur DsAK)
  1380 | D:4      | Noticed Duvessa
  1380 | D:4      | Noticed Dowan
  1419 | D:4      | Gained mutation: You are partially covered in molten scales (AC +1). [demonic ancestry]
  1419 | D:4      | Reached XP level 3. HP: 13/29 MP: 4/4
  1436 | D:4      | Reached XP level 4. HP: 9/35 MP: 5/5
  1447 | D:4      | Reached skill level 4 in Maces & Flails
  1559 | D:4      | Noticed an ogre
  1617 | D:4      | HP: 1/35 [poisoned by a scorpion]
  1618 | D:4      | Succumbed to a scorpion's poison

Action                   |  1- 3 |  4- 6 || total
-------------------------+-------+-------++-------
Melee: Mace              |   104 |    45 ||   149
Invok: Depart the Abyss  |     1 |       ||     1
  Use: Potion            |       |     1 ||     1
  Eat: Chunk             |       |     3 ||     3
